 Seeded DCSS version 0.29.1-13-g9f3cf754e1 (webtiles) character file.

Game seed: 1 (custom seed)

7801 Kazon the Carver (level 11, -5/95 HPs)
             Began as a Minotaur Fighter on Jan 20, 2023.
             Was a High Priest of Okawaru.
             Slain by Erolcha
             ... wielding a +0 giant club
              (26 damage)
             ... on level 10 of the Dungeon on Jan 23, 2023.
             The game lasted 00:32:53 (7117 turns).

Kazon the Carver (Minotaur Fighter)                 Turns: 7117, Time: 00:32:54

Health: -5/95      AC: 10    Str: 18    XL:     11   Next: 1%
Magic:  12/12      EV: 13    Int: 10    God:    Okawaru [*****.]
Gold:   404        SH:  5    Dex: 11    Spells: 10/10 levels left

rFire   + . .      SeeInvis .   r - +8 broad axe "Baba" {vorpal, rPois rF+ Str-4 Int+3}
rCold   + + .      Faith    .   c - +0 buckler
rNeg    + . .      Spirit   .   F - +3 leather armour {rC+}
rPois   +          Reflect  .   (helmet restricted)
rElec   .          Harm     .   (no cloak)
rCorr   .          Rampage  .   (no gloves)
Will    .....                   m - +2 pair of boots
Stlth   ++........              f - amulet of the acrobat
HPRegen 0.25/turn               t - ring of positive energy
MPRegen 0.13/turn               l - ring of protection from cold

@: no status effects
A: horns 2, retaliatory headbutt
a: Renounce Religion, Heroism, Finesse, Duel


You were on level 10 of the Dungeon.
You worshipped Okawaru.
Okawaru was extremely pleased with you.
You visited 2 branches of the dungeon, and saw 11 of its levels.

You collected 630 gold pieces.
You spent 226 gold pieces at shops.

Inventory:

Hand Weapons
 e - a +2 dagger of venom
 r - the +8 broad axe "Baba" (weapon) {vorpal, rPois rF+ Str-4 Int+3}
   (You acquired it on level 1 of the Dungeon)

   It inflicts extra damage upon your enemies.
   Str:       It affects your strength (-4).
   Int:       It affects your intelligence (+3).
   rF:        It protects you from fire.
   rPois:     It protects you from poison.
 s - the +3 falchion of Winter {venom, rCorr}
   (You bought it in a shop on level 3 of the Dungeon)

   It poisons the flesh of those it strikes.
   rCorr:     It protects you from acid and corrosion.
Missiles
 j - 8 stones
 o - 14 boomerangs (quivered)
 u - a throwing net
 z - 3 curare-tipped darts
 I - 13 poisoned darts
 J - 2 javelins
 O - 2 boomerangs of dispersal
Armour
 c - a +0 buckler (worn)
 m - a +2 pair of boots (worn)
 F - a +3 leather armour of cold resistance (worn)
Jewellery
 f - an amulet of the acrobat (around neck)
 l - a ring of protection from cold (right hand)
 t - a ring of positive energy (left hand)
 N - a ring of protection from cold
Wands
 a - a wand of roots (6)
 w - a wand of mindburst (15)
 C - a wand of paralysis (14)
 E - a wand of flame (11)
Scrolls
 i - 12 scrolls of identify
 n - a scroll of immolation
 p - a scroll of poison {unknown}
 q - 3 scrolls of fog {unknown}
 v - 3 scrolls of teleportation
 x - a scroll of magic mapping {unknown}
 y - 2 scrolls of noise {unknown}
 B - 2 scrolls of enchant weapon {unknown}
 H - 3 scrolls of fear
 K - a scroll of summoning {unknown}
 M - a scroll of amnesia {unknown}
Potions
 b - 3 potions of berserk rage
 d - 2 potions of might
 g - 2 potions of haste {unknown}
 h - 2 potions of flight
 k - 4 potions of attraction {unknown}
 A - 2 potions of curing
 D - 2 potions of cancellation {unknown}
 G - 4 potions of lignification
Miscellaneous
 L - a condenser vane


   Skills:
 + Level 8.6 Fighting
 + Level 8.7 Long Blades
 + Level 8.5 Axes
 + Level 5.4 Throwing
 + Level 7.7 Armour
 + Level 5.5 Dodging
 + Level 4.2 Stealth
 + Level 7.6 Shields
 * Level 3.8 Invocations
 * Level 4.2 Evocations


You had 10 spell levels left.
You didn't know any spells.
Your spell library contained the following spells:

 Spells                   Type           Power      Damage    Failure   Level
 Apportation              Tloc           0%         N/A       50%         1
 Magic Dart               Conj           0%         1d3       50%         1
 Necrotise                Necr           0%         1d4       50%         1
 Sting                    Tmut/Pois      0%         1d3       50%         1
 Poisonous Vapours        Pois/Air       0%         N/A       63%         2
 Mephitic Cloud           Conj/Pois/Air  0%         N/A       86%         3
 Ozocubu's Armour         Ice            0%         N/A       86%         3
 Olgreb's Toxic Radiance  Pois           0%         N/A       99%         4
 Fireball                 Conj/Fire      0%         3d3       100%        5
 Iskenderun's Battlesphe  Conj           0%         2d6       100%        5
 Metabolic Englaciation   Hex/Ice        0%         N/A       100%        5
 Conjure Ball Lightning   Conj/Air       0%         3x3d6     100%        6
 Orb of Destruction       Conj           0%         9d5       100%        7
 Summon Small Mammal      Summ           Unusable   N/A       N/A         1
 Call Imp                 Summ           Unusable   N/A       N/A         2
 Simulacrum               Ice/Necr       Unusable   N/A       N/A         6

Dungeon Overview and Level Annotations

Branches:
Dungeon (10/15)            Temple (1/1) D:7            Lair (0/5) D:10
    Orc: D:9-12

Altars:
Ashenzari
Dithmenos
Elyvilon
Gozag
Hepliaklqana
Makhleb
Nemelex Xobeh
Okawaru
Qazlal
Uskayaw
Xom

Shops:
D:3 (   D:8 ?(==

Annotations:
D:10 Erolcha


Innate Abilities, Weirdness & Mutations

You have a pair of horns on your head.
You reflexively headbutt those who attack you in melee.


Message History

Press: ? - help, Q - select action, (/) - cycle Shift-Dir - straight line, f - wolf
Aim: a wolf (46% to hit)
You throw a boomerang. The boomerang hits the wolf!
The wolf is moderately wounded.
Unknown command.
Throw: 14 boomerangs
Press: ? - help, Q - select action, (/) - cycle Shift-Dir - straight line, f/p - wolf
Aim: a wolf (moderately wounded, 46% to hit)
You throw a boomerang. The boomerang closely misses the wolf.
Unknown command.
O - 2 boomerangs of dispersal You are no longer corroded.
You enter the shallow water.
Moving in this stuff is going to be slow.
Found a club.
You see here a +0 club.
Your +2 dagger of venom begins to drip with poison!
e - a +2 dagger of venom (weapon)
You see here a +0 club.
Found 4 stones.
Found a stone staircase leading up.
j - 8 stones (gained 4)
You open the door.
Erolcha the Cunning comes into view.
She is wielding a +0 giant club and carrying a wand of flame (11).
Erolcha shouts!
Erolcha zaps a wand.
The puff of flame misses you.
Your +2 dagger of venom stops dripping with poison.
You feel weaker.
You feel clever.
r - the +8 broad axe "Baba" (weapon)
{vorpal, rPois rF+ Str-4 Int+3}
Found a wand of flame (9).
Erolcha gestures wildly while chanting.
Erolcha flickers and vanishes!
Deactivating autopickup; reactivate with Ctrl-A.
There is an open door here.
You miss something. Your headbutt misses something. Something hits you!!
You slash something! You headbutt something. Something hits you!
You slash something! Your headbutt misses something. Something hits you!!
* * * LOW HITPOINT WARNING * * *
You slash something! Something hits you!!
You die...

#...........~~~~~~~.
#.#....####.#.#.####
#.##...# #.#.+.#..#
#......####.#.#.#... #
#.........#)#.#.#... ...
#<......#.#.#.#.#...
/...####......#.#.#.#...
#....#...####.#...#...
#...{@...#.##.#...#...
#....#.#.#.##.#.#.'...
##+###...#.##.#...#...
....#....#...#...
....######...####
..#........#.....
#..#.....#.....###
................
###############


There were no monsters in sight!

Vanquished Creatures
  A two-headed ogre (D:9)
  Maggie (D:6)
  A troll (D:10)
  Prince Ribbit (D:9)
  A shadow (D:9)
  A vampire (D:10)
  A yak (D:6)
  2 wyverns
  Eustachio (D:5)
  2 steam dragons
  Menkaure (D:5)
  Edmund (D:6)
  An acid dragon (D:10)
  4 water moccasins
  4 orc warriors
  An ice beast (D:8)
  5 sky beasts
  2 black bears (D:6)
  4 centaurs
  An ogre (D:6)
  2 phantoms (D:6)
  2 kobold brigands
  3 necrophages
  A bullfrog (D:7)
  A gnoll sergeant (D:7)
  5 scorpions
  14 wights
  An electric eel (D:10)
  A howler monkey (D:5)
  2 jellies (D:6)
  5 hounds
  7 orc priests
  A gnoll bouda (D:7)
  6 iguanas
  2 orc wizards (D:9)
  Robin (D:3)
  15 gnolls
  13 adders
  3 shadow imps
  2 white imps (D:7)
  An ufetubus (D:5)
  3 worms
  34 orcs
  11 endoplasms
  A giant cockroach (D:1)
  16 goblins
  9 hobgoblins
  A jackal (D:4)
  17 kobolds
  2 quokkas
  5 ball pythons
  4 bats
  3 frilled lizards
  6 rats
236 creatures vanquished.

Notes
Turn   | Place    | Note
-------+----------+-------------------------------------------
     0 | D:1      | Kazon the Minotaur Fighter began the quest for the Orb.
     0 | D:1      | Reached XP level 1. HP: 19/19 MP: 0/0
    33 | D:1      | Identified a scroll of acquirement
    33 | D:1      | Acquired the +8 broad axe "Baba" {vorpal, rPois rF+ Str-4
                  | Int+3}
   145 | D:1      | Reached XP level 2. HP: 24/27 MP: 1/1
   700 | D:2      | Reached XP level 3. HP: 33/34 MP: 2/2
   767 | D:2      | Reached skill level 1 in Axes
  1015 | D:2      | Reached XP level 4. HP: 29/41 MP: 3/3
  1200 | D:3      | Found Umat's Antique Weapon Boutique.
  1227 | D:3      | Bought a crude falchion for 184 gold pieces
  1227 | D:3      | Identified the +3 falchion of Winter {venom, rCorr} (You
                  | bought it in a shop on level 3 of the Dungeon)
  1348 | D:3      | Noticed Robin
  1361 | D:3      | Killed Robin
  1392 | D:3      | Reached XP level 5. HP: 26/46 MP: 4/4
  1792 | D:4      | Reached skill level 1 in Dodging
  1841 | D:4      | Reached skill level 1 in Throwing
  1876 | D:4      | Reached XP level 6. HP: 51/53 MP: 5/5
  2494 | D:4      | Reached XP level 7. HP: 66/66 MP: 6/6
  2572 | D:4      | Found a hazy altar of Hepliaklqana.
  2639 | D:5      | Entered Level 5 of the Dungeon
  2765 | D:5      | Noticed Eustachio
  2770 | D:5      | Killed Eustachio
  2771 | D:5      | Reached XP level 8. HP: 51/73 MP: 7/7
  2783 | D:5      | Reached skill level 1 in Evocations
  2802 | D:5      | You fall into a shaft and drop 1 floor!
  2958 | D:7      | Found a staircase to the Ecumenical Temple.
  2968 | Temple   | Entered the Ecumenical Temple
  2975 | Temple   | Became a worshipper of Warmaster Okawaru
  3017 | D:7      | Found a hide-covered altar of Uskayaw.
  3516 | D:5      | Noticed Menkaure
  3522 | D:5      | Killed Menkaure
  3522 | D:5      | Reached * piety under Okawaru
  3523 | D:5      | Reached skill level 5 in Dodging
  3523 | D:5      | Reached skill level 1 in Invocations
  3527 | D:5      | Reached XP level 9. HP: 65/79 MP: 8/8
  3999 | D:6      | Noticed Edmund
  4018 | D:6      | Killed Edmund
  4034 | D:6      | Reached ** piety under Okawaru
  4332 | D:6      | Reached skill level 5 in Throwing
  4500 | D:6      | Reached *** piety under Okawaru
  4536 | D:6      | Noticed Maggie
  4551 | D:6      | Killed Maggie
  4552 | D:6      | Reached XP level 10. HP: 57/88 MP: 10/10
  5134 | D:7      | Found a white marble altar of Elyvilon.
  5337 | D:8      | Found Esumer's Weapon Shop.
  5433 | D:8      | Received a gift from Okawaru
  5603 | D:8      | Found Heidghoki's Jewellery Shop.
  5768 | D:8      | Found Quzidd's Magic Scroll Emporium.
  5773 | D:8      | Bought a scroll of teleportation for 42 gold pieces
  5900 | D:8      | Found Zoxtaeshakh's Jewellery Boutique.
  6269 | D:9      | Noticed Prince Ribbit
  6290 | D:9      | Killed Prince Ribbit
  6290 | D:9      | Reached **** piety under Okawaru
  6708 | D:9      | Noticed a two-headed ogre
  6721 | D:9      | Killed a two-headed ogre
  6976 | D:10     | Entered Level 10 of the Dungeon
  7028 | D:10     | Found a staircase to the Lair.
  7035 | D:10     | Reached ***** piety under Okawaru
  7035 | D:10     | Received a gift from Okawaru
  7036 | D:10     | Reached XP level 11. HP: 56/95 MP: 12/12
  7111 | D:10     | Noticed Erolcha
  7117 | D:10     | Slain by Erolcha

Illustrated notes

Levels and vault maps discovered:
D:1:      dpeg_arrival_three_smaller_balls, layout_basic
D:2:      layout_loops_ring
D:3:      layout_basic, serial_shops, nicolae_shop_stone, st_stairs_9,
          minmay_misc_feat_doors, eino_curves_03, uniq_robin
D:4:      minmay_wonky_spiral, layout_basic,
          mainiacjoe_overflow_surrounded_room, minivault_5
D:5:      layout_cave_pods, uniq_menkaure, uniq_eustachio
D:6:      cheibrodos_barr_body, layout_basic, minmay_crystal_room,
          minmay_pentangle, uniq_maggie, uniq_edmund
D:7:      layout_cave_pools, nicolae_uskayaw_murder_on_the_dancefloor,
          elyvilon_altar_4, minmay_temple_entry_purple_smoke
D:8:      layout_basic, serial_shops, shop_statue, kennysheep_little_box, shop,
          nicolae_shop_window_shopping
D:9:      layout_cave_pools, uniq_prince_ribbit1
D:10:     layout_stronghold, erik_lair_island, serial_shops,
          nicolae_shop_statue_plus, uniq_erolcha
Temple:   nicolae_temple_bog_church

Skill      XL: |  1  2  3  4  5  6  7  8  9 10 |
---------------+-------------------------------+-----
Fighting       | 4 7 8 |  8.6
Armour         | 4 7 |  7.7
Axes           | 2 3 6 7 8 |  8.5
Shields        | 4 7 |  7.6
Long Blades    | 3 6 7 8 |  8.7
Dodging        | 1 4 5 |  5.5
Throwing       | 1 4 5 |  5.4
Stealth        | 3 4 |  4.2
Evocations     | 1 3 4 |  4.2
Invocations    | 1 2 3 |  3.8

Action                   |  1- 3 |  4- 6 |  7- 9 | 10-12 || total
-------------------------+-------+-------+-------+-------++-------
Melee: Broad axe         |    44 |    12 |    82 |    85 ||   223
       Headbutt          |     1 |    12 |    40 |    28 ||    81
       Falchion          |       |    83 |   132 |    49 ||   264
       Dagger            |       |       |       |     1 ||     1
Throw: Stone             |     6 |    21 |    33 |    53 ||   113
       Boomerang         |       |       |       |    18 ||    18
Evoke: Wand              |       |       |     5 |     2 ||     7
  Use: Scroll            |     1 |       |     2 |     2 ||     5
       Potion            |       |     2 |     5 |       ||     7
 Stab: Sleeping          |       |       |     2 |     3 ||     5
       Paralysed         |       |       |       |     2 ||     2
Armor: Scale mail        |    18 |    36 |    47 |       ||   101
       Leather armour    |       |       |    31 |    29 ||    60
Dodge: Dodged            |    31 |    36 |   112 |    79 ||   258
Block: Buckler           |    12 |    23 |    42 |    21 ||    98
